AoeStats
← michaelnaro

African Clearing

510820283Analyzed
2v2 RM · 13h ago on Oct 2, 2026· 60m 46s· 4 players
Game mode
Random Map
Map size
Medium (4 player)
Population
200
Speed
Normal
Resources
Standard
Victory
Conquest
Starting age
Dark Age
Ending age
Imperial Age
RankedLock teamsTeams togetherTeam positionsShared explorationLock speedFull tech treeHidden civsTurbo modeCheats
Victory
Defeat
🇮🇱 Portuguese · Israel
569
+18
🇮🇱 Britons · Israel
562
+18
🇲🇽 Bohemians · Mexico
637
-18
🇩🇪 Italians · Germany
598
-18
EidechseKran22
4:36 Loom
15:04 Feudal Age
15:31 Double-Bit Axe
15:57 Horse Collar
21:11 Arson
23:33 Wheelbarrow
25:23 Stone Mining
25:46 Scale Mail Armor
26:01 Forging
26:11 Town Watch
30:10 Padded Archer Armor
31:00 Fletching
35:03 Gold Mining
39:20 Castle Age
37:42 Scale Barding Armor
40:16 Bow Saw
41:25 Elite Skirmisher
43:42 Heavy Plow
43:13 Light Cavalry
44:31 Hand Cart
Itacate
4:04 Loom
15:15 Feudal Age
16:23 Town Watch
17:13 Double-Bit Axe
17:11 Horse Collar
17:10 Man-at-Arms
18:21 Scale Mail Armor
25:01 Fletching
25:13 Padded Archer Armor
25:24 Forging
28:05 Wheelbarrow
32:33 Castle Age
33:32 Bodkin Arrow
40:29 Pikeman
michaelnaro
5:35 Loom
17:47 Feudal Age
17:53 Man-at-Arms
19:30 Arson
20:12 Forging
20:47 Wheelbarrow
20:01 Horse Collar
23:47 Gold Mining
24:16 Town Watch
24:27 Double-Bit Axe
25:14 Scale Mail Armor
26:54 Fletching
27:12 Stone Mining
28:43 Padded Archer Armor
33:25 Castle Age
33:59 Long Swordsman
36:01 Hand Cart
36:44 Stone Shaft Mining
36:22 Gambesons
38:22 Bow Saw
39:25 Town Patrol
40:59 Bodkin Arrow
41:40 Iron Casting
52:55 Heavy Plow
60:13 Imperial Age
Pablecito
7:01 Loom
14:12 Feudal Age
16:05 Man-at-Arms
22:06 Horse Collar
22:17 Double-Bit Axe
29:42 Padded Archer Armor
29:34 Fletching
29:57 Forging
29:48 Scale Mail Armor
35:01 Castle Age
40:11 Leather Archer Armor
39:52 Bodkin Arrow
39:21 Long Swordsman
39:47 Gambesons
40:16 Heavy Plow
48:32 Chain Mail Armor
48:53 Iron Casting
60:37 Wheelbarrow
62:35 Imperial Age
Connection lost

Rejoining the realm…

Still unreachable

The connection could not be restored.

Session expired

The server has moved on; the page needs a fresh start.